 Dungeon Crawl Stone Soup version 0.25.1-8-g42b30a86e7 (webtiles) character file.

Game seed: 16388079580469334228

105 Clowwww the Skirmisher (level 4, -8/50 HPs)
             Began as an Ogre Berserker on Dec 27, 2020.
             Was a Believer of Trog.
             Mangled by Grinder (9 damage)
             ... while paralysed by Grinder
             ... on level 3 of the Dungeon.
             The game lasted 00:04:05 (2185 turns).

Clowwww the Skirmisher (Ogre Berserker)             Turns: 2185, Time: 00:04:06

Health: -8/50      AC:  3    Str: 21    XL:     4   Next: 81%
Magic:  4/4        EV:  1    Int:  8    God:    Trog [**....]
Gold:   60         SH:  0    Dex:  9    Spells: 3/3 levels left

rFire    . . .     SeeInvis .   e - +2 mace (protect)
rCold    . . .     Gourm    .   (no shield)
rNeg     . . .     Faith    .   b - +0 animal skin
rPois    .         Spirit   .   (helmet restricted)
rElec    .         Reflect  .   (no cloak)
rCorr    .         Harm     .   (gloves unavailable)
MR       .....                  (boots unavailable)
Stlth    +.........             (no amulet)
HPRegen  0.16/turn              d - ring of wizardry
MPRegen  0.09/turn              (no ring)

@: paralysed, berserk cooldown, slowed
A: large, unfitting armour, tough skin 1
a: Berserk, Trog's Hand, Renounce Religion


You were on level 3 of the Dungeon.
You worshipped Trog.
Trog was pleased with you.
You were very hungry.

You visited 1 branch of the dungeon, and saw 3 of its levels.

You collected 60 gold pieces.

Inventory:

Hand Weapons
 e - a +2 mace of protection (weapon)
Armour
 b - a +0 animal skin (worn)
Jewellery
 d - a ring of wizardry (left hand)
Scrolls
 f - a scroll of random uselessness {unknown}
 h - 2 scrolls of identify {unknown}
 j - a scroll of blinking {unknown}
 l - 3 scrolls of enchant armour {unknown}
Potions
 a - 3 potions of flight {unknown}
 i - a potion of degeneration {unknown}
 k - a potion of stabbing {unknown}
 m - a potion of brilliance {unknown}
 n - a potion of mutation {unknown}
Comestibles
 c - 3 rations
 g - 3 chunks of flesh


   Skills:
 + Level 5.1 Fighting
   Level 3.1(3.4) Axes
 + Level 1.7(2.5) Maces & Flails
 + Level 3.7 Dodging
 + Level 0.1 Stealth


You had 3 spell levels left.
You didn't know any spells.
Your spell library was empty.

Dungeon Overview and Level Annotations

Branches:
Dungeon (3/15)

Altars:

Annotations:
D:3 Grinder


Innate Abilities, Weirdness & Mutations

You are too large for most types of armour.
You have tough skin. (AC +1)


Message History

Grinder gestures at you. You resist with significant effort.
You sock Grinder!
Grinder is almost dead.
Grinder blinks!
Grinder gestures at you.
You suddenly lose the ability to move!
Grinder hits you.
* * * LOW HITPOINT WARNING * * *
Grinder hits you.
* * * LOW HITPOINT WARNING * * *
You writhe in agony.
* * * LOW HITPOINT WARNING * * *
Grinder gestures at you. Pain shoots through your body!
* * * LOW HITPOINT WARNING * * *
You are no longer berserk.
You feel yourself slow down. Grinder completely misses you. Grinder hits you!
You die...

#..# #.#
##..##+######.#..#
...........##.##.##
...........##.##..#
...........##.##..##
...........##.##...#####
...<.......##.##........
..............##5...#
...........#####@#
...........'.....#
...........#####.#
...........#######
..............#
..............#
..............#
##.....##.....#
#.....##.....#


You could see Grinder (fast).

Vanquished Creatures
  5 adders (D:2)
  A worm (D:2)
  A dart slug (D:1)
  A leopard gecko (D:1)
  3 giant cockroaches
  8 goblins
  7 hobgoblins
  6 jackals
  9 bats
  2 frilled lizards (D:2)
  3 kobolds
  6 rats
52 creatures vanquished.

Notes
Turn   | Place    | Note
-------+----------+-------------------------------------------
     0 | D:1      | Clowwww the Ogre Berserker began the quest for the Orb.
     0 | D:1      | Reached XP level 1. HP: 24/24 MP: 1/1
    73 | D:1      | Reached XP level 2. HP: 33/33 MP: 2/2
   676 | D:1      | Reached XP level 3. HP: 40/40 MP: 3/3
  1083 | D:2      | Reached ** piety under Trog
  1369 | D:2      | Reached skill level 1 in Maces & Flails
  1369 | D:2      | Reached XP level 4. HP: 48/49 MP: 4/4
  1401 | D:2      | Reached skill level 5 in Fighting
  2164 | D:3      | Noticed Grinder
  2172 | D:3      | Paralysed by Grinder for 4 turns
  2180 | D:3      | Paralysed by Grinder for 7 turns
  2183 | D:3      | HP: 1/75 [Grinder/nerve-wracking pain (13)]
  2185 | D:3      | Mangled by Grinder

Illustrated notes

Levels and vault maps discovered:
D:1:      ncdulo_halloftheorcs, layout_basic
D:2:      minmay_inner_zag, layout_basic
D:3:      layout_basic, minitemple, first_ration, uniq_jessica, uniq_grinder,
          uniq_robin

Skill      XL: |  1  2  3  4 |
---------------+-------------+-----
Dodging        | 3 |  3.7
Maces & Flails | 1 |  1.7
Fighting       | 5 |  5.1
Axes           | |  3.1
Stealth        | |  0.1

Action                   |  1- 3 |  4- 6 || total
-------------------------+-------+-------++-------
Melee: Hand axe          |    21 |       ||    21
       Mace              |    82 |    71 ||   153
Invok: Berserk           |       |     2 ||     2
  Eat: Chunk             |     1 |     4 ||     5
Armor: Animal skin       |    41 |    32 ||    73
Dodge: Dodged            |    85 |    55 ||   140
